 Dungeon Crawl Stone Soup version 0.27-a0-1200-g94dc6ad4cf (webtiles) character file.

Game seed: 17947169271959572290

43 RepHenryClay the Magician (level 3, -4/25 HPs)
             Began as a Djinni Fire Elementalist on May 30, 2021.
             Splashed by Ijyb's acid (10 damage)
             ... on level 2 of the Dungeon.
             The game lasted 00:05:16 (2399 turns).

RepHenryClay the Magician (DjFE)                    Turns: 2399, Time: 00:05:17

Health: -4/25      AC: -2    Str:  7    XL:     3   Next: 82%
Gold:   26         EV: 12    Int: 17    God:
                   SH:  0    Dex: 13

rFire    + + .     SeeInvis .   (no weapon)
rCold    x . .     Faith    .   (no shield)
rNeg     . . .     Spirit   .   a - +0 robe
rPois    ∞         Reflect  .   (no helmet)
rElec    .         Harm     .   (no cloak)
rCorr    .         Rampage  .   (no gloves)
Will     .....                  (boots unavailable)
Stlth    ++........             (no amulet)
HPRegen  0.08/turn              (no ring)
MPRegen  0.00/turn              (no ring)

@: corroded, flying
A: sickness immunity, fire resistance 2, cold vulnerability 1, float, innate
caster, hp casting, extra vitality 1
a: no special abilities


You were on level 2 of the Dungeon.
You visited 1 branch of the dungeon, and saw 2 of its levels.

You collected 26 gold pieces.

Inventory:

Armour
 a - a +0 robe (worn)
Jewellery
 h - a +4 ring of evasion
Scrolls
 b - a scroll of vulnerability {unknown}
 e - a scroll of silence {unknown}
 f - a scroll of identify {unknown}
 g - a scroll of brand weapon {unknown}
Potions
 c - a potion of ambrosia {unknown}
 d - a potion of curing {unknown}


   Skills:
 - Level 2.5 Dodging
 - Level 1.5 Stealth
 + Level 3.4 Spellcasting


You couldn't memorise any spells.
You knew the following spells:

 Your Spells              Type           Power      Damage    Failure   Level
a - Foxfire               Conj/Fire      56%        2x1d6     4%          1
b - Conjure Flame         Conj/Fire      14%        6-21      12%         3
c - Inner Flame           Hex/Fire       14%        N/A       12%         3
d - Sticky Flame          Conj/Fire      14%        2d4       38%         4
e - Fireball              Conj/Fire      7%         3d5       75%         5
f - Apportation           Tloc           28%        N/A       4%          1
Your spell library was empty.

Dungeon Overview and Level Annotations

Branches:
Dungeon (2/15)

Altars:
Makhleb

Shops:
D:1 (

Annotations:
D:2 Ijyb


Innate Abilities, Weirdness & Mutations

You are immune to sickness and miasma.
You are immune to poison.
Your flesh is very heat resistant. (rF++)
You are vulnerable to cold. (rC-)
You float through the air rather than walking.
You learn spells naturally, not from books.
Your magical power is your life essence.
You have superior vitality. (+4 HP)


Message History

The foxfire hits the goblin.
You kill the goblin!
Casting: Foxfire (safe; 4% risk of failure)
Confirm with . or Enter, or press ? or * to list all spells.
You conjure some foxfire!
Damage: -4%(-1hp) hp: 96%(24hp)
The foxfire hits the goblin.
You kill the goblin!
You start resting.
Ijyb is nearby!
Casting: Foxfire (safe; 4% risk of failure)
Confirm with . or Enter, or press ? or * to list all spells.
You conjure some foxfire!
Your foxfire dissipates!
Damage: -4%(-1hp) hp: 92%(23hp)
Casting: Foxfire (safe; 4% risk of failure)
Confirm with . or Enter, or press ? or * to list all spells.
You conjure some foxfire!
The foxfire hits Ijyb.
Ijyb is lightly wounded.
Damage: -4%(-1hp) hp: 88%(22hp)
Casting: Foxfire (safe; 4% risk of failure)
Confirm with . or Enter, or press ? or * to list all spells.
You conjure some foxfire!
The foxfire hits Ijyb but does no damage.
Ijyb is lightly wounded.
The foxfire hits Ijyb.
Ijyb is moderately wounded.
Damage: -4%(-1hp) hp: 84%(21hp)
Casting: Foxfire (safe; 4% risk of failure)
Confirm with . or Enter, or press ? or * to list all spells.
You conjure some foxfire!
The foxfire hits Ijyb.
Ijyb is moderately wounded.
The foxfire hits Ijyb.
Ijyb is moderately wounded.
Ijyb zaps a wand.
The bolt of acid hits your foxfire!
Your foxfire is splashed with acid!
The bolt of acid hits you!
Ouch! That really hurt!
* * * LOW HITPOINT WARNING * * *
The acid corrodes you!
You are splashed with acid!
You die...

..........# #.# #(##.......
..........# #.#######.#########
..........# #####............######
..........###.........###.##.#.....
......>...'.'.........'....#.#.####
..........###.........###....#.####
..........# #.........# ##..##.##..
########### #..§§§v...# ##.##.##..
##########g.§§@§...#####+##.##..
#......g.g....v§............####
#.################..........####
#.# #..........##.. #.#
######...........'.. #.#
#..............###.. #g#
#......######..###.. #.#
#).....##.......##.. #g#
#......##.......####


You could see Ijyb (ally target) and 2 goblins.

Vanquished Creatures
  4 endoplasms
  2 giant cockroaches
  5 goblins
  5 hobgoblins
  2 kobolds (D:1)
  2 quokkas (D:1)
  5 ball pythons (D:1)
  5 bats (D:1)
  5 frilled lizards
  4 rats
39 creatures vanquished.

Vanquished Creatures (collateral kills)
  2 foxfires (D:1)
2 creatures vanquished.

Vanquished Creatures (others)
  114 foxfires
114 creatures vanquished.

Grand Total: 155 creatures vanquished

Notes
Turn   | Place    | Note
-------+----------+-------------------------------------------
     0 | D:1      | RepHenryClay the Djinni Fire Elementalist began the quest
                  | for the Orb.
     0 | D:1      | Reached XP level 1. HP: 15/15 MP: 0/0
    66 | D:1      | Found Icror's Antique Weapon Boutique.
   305 | D:1      | Reached XP level 2. HP: 18/21 MP: 0/0
   982 | D:1      | Reached skill level 3 in Spellcasting
  1058 | D:1      | Reached XP level 3. HP: 19/25 MP: 0/0
  1058 | D:1      | Learned a level 1 spell: Apportation
  1347 | D:1      | Found a faded altar of an unknown god.
  1776 | D:2      | Found a burning altar of Makhleb.
  2371 | D:2      | Noticed Ijyb
  2399 | D:2      | Splashed by Ijyb's acid

Illustrated notes

Levels and vault maps discovered:
D:1:      saegor_arrival_simple_a, layout_basic, serial_shops, shop,
          shapermc_ecumenical_altar_gd
D:2:      kennysheep_the_goblin_king, layout_basic, basic_altar

Skill      XL: |  1  2 |
---------------+-------+-----
Spellcasting   | 3 |  3.4
Dodging        | |  2.5
Stealth        | |  1.5

Action                   || total
-------------------------++-------
Melee: Unarmed           ||     1
 Cast: Foxfire           ||    75
Armor: Robe              ||     6
Dodge: Dodged            ||    21

Table legend: (Time is in decaauts)
 A = Elapsed time spent in this place.
 B = Non-inter-level travel time spent in this place.
 C = Inter-level travel time spent in this place.
 D = Time resting spent in this place.
 E = Time spent auto-exploring this place.
 F = Levels seen in this place.
 G = Mean time per level.
                   A        B        C        D        E       F      G
               +--------+--------+--------+--------+--------+-----+--------+
         Total |   2398 |   2327 |     71 |    412 |   1657 |   2 | 1199.0 |
       Dungeon |   2398 |   2327 |     71 |    412 |   1657 |   2 | 1199.0 |
               +--------+--------+--------+--------+--------+-----+--------+

Top non-repeatable levels by time:
     D:1: 1768 daAuts
     D:2: 630 daAuts
